 Dungeon Crawl Stone Soup version 0.30.0 (webtiles) character file.

Game seed: 1990898953484230160

93 Jackthecabe the Grave Robber (level 4, -2/37 HPs)
             Began as a Barachi Necromancer on May 6, 2023.
             Frozen to death by an endoplasm (3 damage)
             ... on level 4 of the Dungeon.
             The game lasted 00:04:43 (3569 turns).

Jackthecabe the Grave Robber (Barachi Necromancer)  Turns: 3569, Time: 00:04:43

Health: -2/37      AC:  3    Str:  9      XL:     4   Next: 62%
Magic:  2/8        EV: 11    Int: 16      God:
Gold:   205        SH:  0    Dex: 12 (14) Spells: 8/9 levels left

rFire   . . .        h - +0 quarterstaff
rCold   . . .        (shield currently unavailable)
rNeg    . . .        n - +0 leather armour
rPois   .            (no helmet)
rElec   .            (no cloak)
rCorr   .            (no gloves)
SInv    .            (no boots)
Will    .....        (no amulet)
Stlth   ++           (no ring)
HPRegen 0.26/turn    (no ring)
MPRegen 0.11/turn

%: no passive effects
@: unable to hop, slow
A: amphibious, slowness 1, strong legs 1, +LOS
a: Hop


You were on level 4 of the Dungeon.
You visited 1 branch of the dungeon, and saw 4 of its levels.

You collected 205 gold pieces.


Innate Abilities, Weirdness & Mutations

You are amphibious.
You cover ground slowly.
You can hop short distances.
You have an extended range of vision and can be seen from far away.


   Skills:
 + Level 3.7 Fighting
 - Level 2.1 Dodging
 - Level 1.7 Stealth
 - Level 3.0 Spellcasting
 - Level 4.0 Necromancy


You had 8 spell levels left.
You knew the following spells:

 Your Spells              Type           Power      Damage    Failure   Level
X - Necrotise             Necr           60%        1d7       4%          1

Your spell library contained the following spells:

 Spells                   Type           Power      Damage    Failure   Level
 Sublimation of Blood     Necr           15%        N/A       8%          2
 Vampiric Draining        Necr           15%        2d7       16%         3
 Animate Dead             Necr           15%        N/A       45%         4
 Agony                    Necr           15%        N/A       80%         5
 Petrify                  Tmut/Erth      2%         N/A       95%         4
 Irradiate                Conj/Tmut      1%         3d12      100%        5

Inventory:

Hand Weapons
 h - a +0 quarterstaff (weapon)
Armour
 a - a +0 robe
 c - a +0 chain mail
 n - a +0 leather armour (worn)
 x - a +1 pair of gloves
Magical Staves
 s - a staff of conjuration {!a}
Jewellery
 w - the ring of Compassion {Ice rN+ Int-3 Dex+6 SInv}
   (You found it on level 4 of the Dungeon)

   [ring of ice]

   It enhances your ice magic.
   Int:       It affects your intelligence (-3).
   Dex:       It affects your dexterity (+6).
   rF:        It makes you vulnerable to fire.
   rC:        It protects you from cold.
   rN:        It protects you from negative energy.
   SInv:      It lets you see invisible.
 R - a ring of resist corrosion
Wands
 u - a wand of charming (5)
Scrolls
 d - a scroll of enchant weapon {unknown}
 e - 2 scrolls of noise {unknown}
 g - 10 scrolls of identify {unknown}
 m - a scroll of enchant armour {unknown}
 o - 2 scrolls of teleportation {unknown}
 q - a scroll of magic mapping {unknown}
 r - a scroll of poison {unknown}
 t - a scroll of immolation {unknown}
 v - a scroll of vulnerability {unknown}
Potions
 b - 2 potions of magic
 f - a potion of mutation {unknown}
 i - a potion of attraction {unknown}
 j - a potion of brilliance {unknown}
 k - a potion of might {unknown}
 l - a potion of invisibility {unknown}
 p - 3 potions of heal wounds {unknown}

Dungeon Overview and Level Annotations

Branches:
Dungeon (4/15)
 Temple: D:4-7

Altars:

Annotations:
D:4 Eustachio

.###.....!....#............
......##.......#........####
...... #.......'........#
......##.....(.#........#
.............@#........###
..............#..........#
.........................##
.........J55...............
.........5@................
...........................
........###..####..........
.####### ....####......##
...... ###..####
............. #####..
............... #####..
................####..####
................####......##


You could see Eustachio, an iron imp (summoned), a quasit (summoned), a shadow
imp (summoned) and an endoplasm.


Message History

The quasit misses you. The quasit closely misses you.
The endoplasm attacks as you move away! The endoplasm closely misses you.
The iron imp grins evilly.
The endoplasm hits you but does no damage.
The endoplasm attacks as you move away! The endoplasm barely misses you.
Eustachio gestures wildly while chanting.
Eustachio blinks!
The endoplasm attacks as you move away!
The endoplasm hits you but does no damage.
The endoplasm hits you.
* * * LOW HITPOINT WARNING * * *
The iron imp barely misses you. The endoplasm hits you.
* * * LOW HITPOINT WARNING * * *
The quasit closely misses you.
The quasit claws you but does no damage.
The quasit barely misses you. The endoplasm freezes you.
You are frozen.
* * * LOW HITPOINT WARNING * * *
There is a stone staircase leading up here.
The shadow imp grins evilly.
The quasit bites you but does no damage.
The quasit claws you.
* * * LOW HITPOINT WARNING * * *
The quasit misses you. The iron imp hits you.
* * * LOW HITPOINT WARNING * * *
The endoplasm freezes you.
You are frozen.
You die...

Skill      XL: |  1  2  3  4 |
---------------+-------------+-----
Necromancy     | 4 |  4.0
Spellcasting   | 3 |  3.0
Fighting       | 2 3 |  3.7
Dodging        | |  2.1
Stealth        | |  1.7

Action                     |  1- 3 |  4- 6 || total
---------------------------+-------+-------++-------
  Melee: Unarmed           |     5 |       ||     5
         Quarterstaff      |    10 |     5 ||    15
   Cast: Necrotise         |    86 |    40 ||   126
Ability: Hop               |       |     1 ||     1
 Armour: Robe              |     2 |       ||     2
         Leather armour    |    13 |     7 ||    20
  Dodge: Dodged            |    39 |    28 ||    67

Levels and vault maps discovered:
D:1:      mrwooster_arrival_statue, layout_basic,
          dreamdust_ecumenical_altar_hidden_monk_grotto, nrook_campfire
D:2:      layout_rooms, minmay_fractal_squares_5
D:3:      layout_basic
D:4:      layout_basic, minmay_misc_feat_x, uniq_eustachio

Notes
Turn   | Place    | Note
-------+----------+-------------------------------------------
     0 | D:1      | Jackthecabe the Barachi Necromancer began the quest for the
                  | Orb.
     0 | D:1      | Reached XP level 1. HP: 13/13 MP: 3/3
   390 | D:1      | Reached XP level 2. HP: 19/19 MP: 1/5
  1096 | D:1      | Reached skill level 4 in Necromancy
  1251 | D:1      | Reached skill level 3 in Spellcasting
  1414 | D:1      | Found a faded altar of an unknown god.
  1419 | D:1      | Reached XP level 3. HP: 25/25 MP: 3/7
  1575 | D:2      | Reached skill level 1 in Fighting
  1831 | D:2      | Reached skill level 2 in Fighting
  2525 | D:3      | Reached XP level 4. HP: 34/34 MP: 2/8
  2846 | D:3      | Reached skill level 3 in Fighting
  3179 | D:4      | Noticed Eustachio
  3475 | D:4      | Identified the ring of Compassion {Ice rN+ Int-3 Dex+6
                  | SInv}
  3569 | D:4      | HP: 1/37 [iron imp[Eustachio] (6)]
  3569 | D:4      | Frozen to death by an endoplasm

Vanquished Creatures
  3 adders
  2 dart slugs (D:3)
  9 ball pythons
  A bat (D:2)
  3 endoplasms
  3 giant cockroaches
  6 hobgoblins
  7 kobolds
  3 quokkas
  8 frilled lizards
  8 goblins
  3 rats
56 creatures vanquished.

Vanquished Creatures (collateral kills)
  A giant cockroach (D:1)
  A goblin (D:2)
2 creatures vanquished.

Vanquished Creatures (others)
  A rat (D:1)
  A fungus (D:1)
  A plant (D:1)
3 creatures vanquished.

Grand Total: 61 creatures vanquished

Table legend: (Time is in decaauts)
 A = Elapsed time spent in this place.
 B = Non-inter-level travel time spent in this place.
 C = Inter-level travel time spent in this place.
 D = Time resting spent in this place.
 E = Time spent auto-exploring this place.
 F = Levels seen in this place.
 G = Mean time per level.
                   A        B        C        D        E       F      G
               +--------+--------+--------+--------+--------+-----+--------+
         Total |   3985 |   3870 |    115 |    245 |   3087 |   4 |  996.2 |
       Dungeon |   3985 |   3870 |    115 |    245 |   3087 |   4 |  996.2 |
               +--------+--------+--------+--------+--------+-----+--------+

Top non-repeatable levels by time:
     D:1: 1642 daAuts
     D:3: 1261 daAuts
     D:2: 865 daAuts
     D:4: 215 daAuts

Table legend:
 A = Non-vault XP
 B = Vault XP
 C = Vault XP percentage of total XP
 D = Non-vault monster count
 E = Vault monster count
 F = Vault count percentage of total count
                 A         B        C        D         E       F
            +---------+---------+-------+---------+---------+-------
      Total |     127 |       7 |   5.2 |      53 |       5 |   8.6
            +---------+---------+-------+---------+---------+-------
        D:1 |      34 |       0 |   0.0 |      22 |       0 |   0.0
        D:2 |      30 |       7 |  18.9 |      11 |       5 |  31.2
        D:3 |      45 |       0 |   0.0 |      17 |       0 |   0.0
        D:4 |      18 |       0 |   0.0 |       3 |       0 |   0.0
            +---------+---------+-------+---------+---------+-------
